 Dungeon Crawl Stone Soup version 0.17-a0-1830-g81820eb (webtiles) character file.

35 Gorice the Cutter (level 3, 0/18 HPs)
             Began as a Spriggan Wanderer on Sept 13, 2015.
             Slain by a jackal (1 damage)
             ... on level 1 of the Dungeon.
             The game lasted 00:04:04 (1280 turns).

Gorice the Cutter (Spriggan Wanderer)               Turns: 1280, Time: 00:04:05

Health: 0/18       AC:  2    Str:  8    XL:     3   Next: 17%
Magic:  6/6        EV: 16    Int: 14    God:
Gold:   67         SH:  0    Dex: 15    Spells: 0 memorised, 2 levels left

rFire  . . .     SeeInvis +     a - +2 short sword
rCold  . . .     Clarity  .     d - +0 robe
rNeg   . . .     SustAt   .     (shield restricted)
rPois  .         Gourm    .     (helmet restricted)
rElec  .         Spirit   .     (no cloak)
rCorr  .         Warding  .     (gloves unavailable)
rMut   .         Stasis   .     (boots unavailable)
MR     .....                    (no amulet)
Stlth  ++........               (no ring)
                                (no ring)

@: very quick, not resistant to hostile enchantments, unstealthy
A: unfitting armour, see invisible, herbivore 3, speed 3, slow metabolism 2
a: no special abilities


You were on level 1 of the Dungeon.
You were not hungry.

You visited 1 branch of the dungeon, and saw 1 of its levels.

You collected 67 gold pieces.

Inventory:

Hand weapons
 a - a +2 short sword (weapon)
 g - a +0 dagger of speed
   (You took it off a goblin on level 1 of the Dungeon)
Missiles
 j - 13 sling bullets
Armour
 d - a +0 robe (worn)
Magical devices
 c - a wand of random effects (15)
Scrolls
 b - a scroll of teleportation {!r}
 h - a scroll of magic mapping {unknown}
 i - a scroll of identify {unknown}
Potions
 f - a potion of cancellation {unknown}
Comestibles
 e - a bread ration {!e}


   Skills:
 + Level 1.8 Fighting
 * Level 3.3 Short Blades
 - Level 1.5 Dodging
 + Level 2.9 Stealth
 - Level 1.5 Unarmed Combat
 - Level 2.6 Evocations


You had 2 spell levels left.
You didn't know any spells.

Dungeon Overview and Level Annotations

Branches:
Dungeon (1/15)

Altars:


Innate Abilities, Weirdness & Mutations

You are tiny and cannot use many weapons and most armour.
You have supernaturally acute eyesight.
You are a herbivore.
You cover ground extremely quickly.
You need consume almost no food.


Message History

You hit the kobold but do no damage.
You see here a bat corpse.
a - a +2 short sword (weapon)
You hit the kobold but do no damage. The kobold hits you.
Damage: 3 (max 4)
You barely miss the kobold. The kobold closely misses you.
You barely miss the kobold. The kobold completely misses you.
You hit the kobold.
You kill the kobold!
You hit the hobgoblin but do no damage. The hobgoblin hits you.
* * * LOW HITPOINT WARNING * * *
Damage: 4 (max 4)
You are too injured to fight recklessly!
You are too injured to fight recklessly!
A bat comes into view.
The bat misses you.
A giant cockroach comes into view.
The bat hits you but does no damage. The bat closely misses you.
The bat misses you. The bat barely misses you. The bat closely misses you.
The bat hits you but does no damage.
A jackal comes into view.
The bat barely misses you.
The jackal barks!
You hit the bat.
You kill the bat!
A jackal comes into view.
The jackal moves out of view.
A jackal comes into view.
The giant cockroach bites you but does no damage.
The giant cockroach closely misses you. The giant cockroach barely misses you.
Found a mace.
You barely miss the giant cockroach. The giant cockroach bites you.
* * * LOW HITPOINT WARNING * * *
Damage: 2 (max 4)
You hit the giant cockroach.
You kill the giant cockroach!
You barely miss the jackal. You hit the jackal but do no damage.
The jackal misses you.
You hit the jackal.
The jackal is heavily wounded.
The jackal bites you.
* * * LOW HITPOINT WARNING * * *
The jackal barely misses you.
The jackal bites you but does no damage.
The jackal bites you.
You die...

......h....###..#
...........# #..#
........>..####.#
........h......g#
................#
...........##.#.#
..#......######.#
....###### ##h##
##### #.h@# #
#)....# ##...##
#####


You could see 2 jackals and a hobgoblin.

Vanquished Creatures
  A gnoll (D:1)
  A giant gecko (D:1)
  7 hobgoblins (D:1)
  3 bats (D:1)
  3 giant cockroaches (D:1)
  A giant newt (D:1)
  2 goblins (D:1)
  4 kobolds (D:1)
  4 rats (D:1)
26 creatures vanquished.

Notes
Turn   | Place    | Note
--------------------------------------------------------------
     0 | D:1      | Gorice the Spriggan Wanderer began the quest for the Orb.
     0 | D:1      | Gorice set off with: a +2 short sword, a scroll of teleportation {!r}, a wand of random effects (15), a +0 robe, a bread ration {!e}
     0 | D:1      | Reached XP level 1. HP: 10/10 MP: 3/3
   192 | D:1      | Reached skill level 2 in Stealth
   373 | D:1      | Reached XP level 2. HP: 13/15 MP: 5/5
   399 | D:1      | Reached skill level 3 in Short Blades
   585 | D:1      | HP: 2/15 [hobgoblin (4)]
   973 | D:1      | Reached XP level 3. HP: 15/18 MP: 6/6
  1222 | D:1      | HP: 3/18 [hobgoblin (4)]
  1276 | D:1      | HP: 3/18 [giant cockroach (2)]
  1280 | D:1      | HP: 1/18 [jackal (2)]
  1280 | D:1      | Slain by a jackal

Vault maps used:
D:1:      dpeg_arrival_boxes_within_box

Action                   || total
-------------------------++-------
Melee: Short sword       ||    57
       Dagger            ||    78
 Stab: Sleeping          ||     1

Table legend:
 A = Turns spent in this place as a percentage of turns spent in the entire game.
 B = Non-inter-level travel turns spent in this place as a percentage of non-inter-level travel turns spent in the entire game.
 C = Inter-level travel turns spent in this place as a percentage of turns spent in this place.
 D = Turns resting spent in this place as a percentage of non-inter-level travel turns spent in this place.
 E = Turns spent auto-exploring this place as a percentage of non-inter-level travel turns spent in this place.
 F = Non-inter-level travel turns spent in this place divided by the number of levels of this place that you've seen.
                   A       B       C       D       E      F
               +-------+-------+-------+-------+-------+----------------------
         Total | 100.0 | 100.0 |   0.0 |   2.1 |   3.1 | 578.0
       Dungeon | 100.0 | 100.0 |   0.0 |   2.1 |   3.1 | 578.0
               +-------+-------+-------+-------+-------+----------------------

Vault maps used:
D:1:      dpeg_arrival_boxes_within_box
